 Dungeon Crawl Stone Soup version 0.30-a0-879-ga8ba668304 (webtiles) character file.

Game seed: 10124390934766429402

200 ragingrage the Vexing (level 5, -3/37 HPs)
             Began as a Barachi Hexslinger on Mar 13, 2023.
             Was an Initiate of Hepliaklqana.
             Slain by an ogre
             ... wielding a +0 giant club
              (19 damage)
             ... on level 4 of the Dungeon.
             The game lasted 00:05:39 (3153 turns).

ragingrage the Vexing (Barachi Hexslinger)          Turns: 3153, Time: 00:05:40

Health: -3/37      AC:  6    Str: 12    XL:     5   Next: 79%
Magic:  6/6        EV: 12    Int: 13    God:    Hepliaklqana [......]
Gold:   118        SH:  0    Dex: 14    Spells: 3/6 levels left

rFire   . . .      SeeInvis .    b - +1 short sword (venom)
rCold   . . .      Faith    .    (no shield)
rNeg    . . .      Spirit   .    c - +0 robe
rPois   .          Reflect  .    e - +2 helmet
rElec   .          Rampage  .    (no cloak)
rCorr   .                        (no gloves)
Will    .....                    o - +0 pair of boots
Stlth   ++                       (no amulet)
HPRegen 0.26/turn                (no ring)
MPRegen 0.10/turn                (no ring)

@: slow
A: amphibious, slowness 1, strong legs 1, +LOS
a: Hop, Renounce Religion


You were on level 4 of the Dungeon.
You worshipped Hepliaklqana.
Hepliaklqana was noncommittal.
You visited 1 branch of the dungeon, and saw 4 of its levels.

You collected 118 gold pieces.

Inventory:

Hand Weapons
 a - a +1 sling
 b - a +1 short sword of venom (weapon)
 h - a +4 whip
Missiles
 d - 2 poisoned darts
Armour
 c - a +0 robe (worn)
 e - a +2 helmet (worn)
 o - a +0 pair of boots (worn)
Jewellery
 p - a ring of ice
Wands
 r - a wand of flame (8)
Scrolls
 g - 2 scrolls of poison
 i - 3 scrolls of immolation {unknown}
 k - 2 scrolls of blinking {unknown}
 l - 2 scrolls of identify {unknown}
 m - 2 scrolls of teleportation {unknown}
 q - a scroll of fear {unknown}
 s - a scroll of enchant weapon {unknown}
Potions
 f - 3 potions of flight {unknown}
 j - a potion of invisibility {unknown}
 n - a potion of degeneration {unknown}


   Skills:
 - Level 1.5 Fighting
 - Level 1.0 Short Blades
 - Level 2.4 Ranged Weapons
 - Level 2.3 Dodging
 - Level 2.0 Stealth
 - Level 1.3 Spellcasting
 - Level 3.4 Hexes
 - Level 3.0 Air Magic
 + Level 3.0 Poison Magic


You had 3 spell levels left.
You knew the following spells:

 Your Spells              Type           Power      Damage    Failure   Level
a - Slow                  Hex            36%        N/A       7%          1
b - Poisonous Vapours     Pois/Air       16%        N/A       12%         2

Your spell library contained the following spells:

 Spells                   Type           Power      Damage    Failure   Level
 Sting                    Tmut/Pois      16%        1d3       14%         1
 Inner Flame              Hex/Fire       5%         N/A       38%         3
 Portal Projectile        Hex/Tloc       10%        N/A       38%         3
 Cause Fear               Hex            4%         N/A       56%         4
 Olgreb's Toxic Radiance  Pois           8%         N/A       61%         4


Dungeon Overview and Level Annotations

Branches:
Dungeon (4/15)
 Temple: D:4-7

Altars:
Hepliaklqana

Shops:
D:1 =([?   D:3 =

Annotations:
D:2 1 runed translucent door, Crazy Yiuf


Innate Abilities, Weirdness & Mutations

You are amphibious.
You cover ground slowly.
You can hop short distances.
You have an extended range of vision and can be seen from far away.


Message History

You shoot a sling bullet. The sling bullet hits the iguana.
You shoot a sling bullet. The sling bullet hits the iguana.
Your +1 short sword of venom begins to drip with poison!
b - a +1 short sword of venom (weapon)
You barely miss the iguana. The iguana bites you.
You hit the iguana.
The iguana is poisoned.
The iguana bites you but does no damage.
You hit the iguana but do no damage.
The iguana looks as sick as possible!
The iguana bites you.
You barely miss the iguana. The iguana barely misses you.
You hit the iguana but do no damage. The iguana bites you!
You barely miss the iguana.
You kill the iguana!
Training target 3.0 for Air Magic reached!
Your Air Magic skill increases to level 3!
Your Poison Magic skill increases to level 3!
You see here an iguana corpse.
Casting: Slow (safe; 7% risk of failure)
Okay, then.
You see here an iguana corpse.
You hear the brisk rusting of a drain nearby.
An ogre is nearby!
Your +1 short sword of venom stops dripping with poison.
a - a +1 sling (weapon)
You shoot a sling bullet.
The sling bullet barely misses the ogre.
You shoot a sling bullet.
The sling bullet closely misses the ogre.
You shoot a sling bullet. The sling bullet hits the ogre!
You shoot a sling bullet. The sling bullet hits the ogre.
Your +1 short sword of venom begins to drip with poison!
b - a +1 short sword of venom (weapon)
You hit the ogre.
The ogre is poisoned.
You barely miss the ogre.
The ogre hits you with a +0 giant club!!
Ouch! That really hurt!
You hit the ogre.
The ogre looks even sicker.
The ogre hits you with a +0 giant club!!
Ouch! That really hurt!
You die...

#.# #.#.# #.# ##.#.# #.#
#####....## ####.#
#.........# .. ..#
#.###.....# #. #.####.#
##.#..# #.##.#...)#
#.#..#### #.###.#....#..#
#.#.....>
#.......O@.#..####.##.####
#.###.#.)..#....##........
#...#######.#####.####
P♣..####.## ### #.....
.........# ######
....####.####### .
...>....#... .........#.#
# .....O...#<# #


You could see an ogre (very poisoned).

Vanquished Creatures
  A black bear (D:4)
  An iguana (D:4)
  3 adders (D:3)
  A worm (D:2)
  2 dart slugs
  7 bats
  7 endoplasms
  2 giant cockroaches
  7 hobgoblins
  6 kobolds
  2 quokkas (D:2)
  2 ball pythons
  3 frilled lizards
  4 goblins
  4 rats
52 creatures vanquished.

Vanquished Creatures (others)
  6 demonic plants (D:4)
  2 plants (D:3)
8 creatures vanquished.

Grand Total: 60 creatures vanquished

Notes
Turn   | Place    | Note
-------+----------+-------------------------------------------
     0 | D:1      | ragingrage the Barachi Hexslinger began the quest for the
                  | Orb.
     0 | D:1      | Reached XP level 1. HP: 15/15 MP: 2/2
    58 | D:1      | Found Qifeaw's Jewellery Boutique.
   154 | D:1      | Reached XP level 2. HP: 21/21 MP: 3/3
   160 | D:1      | Found Lilem's Weapon Shoppe.
   301 | D:1      | Found Itinuc's Magic Scroll Shop.
   547 | D:1      | Found Jebluenn's Antique Armour Boutique.
   971 | D:2      | Reached skill level 1 in Short Blades
   971 | D:2      | Reached XP level 3. HP: 26/26 MP: 4/4
  1036 | D:2      | Reached skill level 1 in Stealth
  1111 | D:2      | Learned a level 2 spell: Poisonous Vapours
  1195 | D:2      | Found a runed translucent door.
  1196 | D:2      | Noticed Crazy Yiuf
  1742 | D:3      | Reached XP level 4. HP: 18/32 MP: 5/5
  1999 | D:3      | Reached skill level 1 in Poison Magic
  2174 | D:3      | Reached skill level 1 in Air Magic
  2331 | D:3      | Found a hazy altar of Hepliaklqana.
  2533 | D:3      | Found Guvily's Jewellery Boutique.
  2654 | D:3      | Became a worshipper of Hepliaklqana the Forgotten
  2950 | D:4      | Noticed an ogre
  2996 | D:4      | Noticed a black bear
  3038 | D:4      | Killed a black bear
  3039 | D:4      | Reached XP level 5. HP: 31/37 MP: 6/6
  3153 | D:4      | Slain by an ogre

Illustrated notes

Levels and vault maps discovered:
D:1:      nzn_arrival_settlement, layout_basic, serial_shops,
          nicolae_square_shop, shop_fountains, shop, nicolae_shop_trees
D:2:      layout_loops_cross, minmay_heptomino_h4, uniq_crazy_yiuf_cottage
D:3:      minmay_general_purpose_star, layout_rooms,
          nicolae_hepliaklqana_hazy_memory, serial_shops, shop
D:4:      layout_loops_ring, portal_sewer_entry_d, serial_demonic,
          serial_demonic_b, serial_demonic_e, serial_demonic_b,
          serial_demonic_a, uniq_edmund

Skill      XL: |  1  2  3  4  5 |
---------------+----------------+-----
Short Blades   | 1 |  1.0
Stealth        | 2 |  2.0
Poison Magic   | 2 3 |  3.0
Air Magic      | 2 3 |  3.0
Fighting       | |  1.5
Ranged Weapons | |  2.4
Dodging        | |  2.3
Spellcasting   | |  1.3
Hexes          | |  3.4

Action                     |  1- 3 |  4- 6 || total
---------------------------+-------+-------++-------
  Melee: Short sword       |    62 |    35 ||    97
         Punch             |       |     1 ||     1
   Fire: Sling             |    57 |    38 ||    95
   Cast: Slow              |     4 |       ||     4
Ability: Hop               |       |     1 ||     1
   Stab: Sleeping          |       |     1 ||     1
 Armour: Robe              |    28 |    14 ||    42
  Dodge: Dodged            |    52 |    25 ||    77

Table legend: (Time is in decaauts)
 A = Elapsed time spent in this place.
 B = Non-inter-level travel time spent in this place.
 C = Inter-level travel time spent in this place.
 D = Time resting spent in this place.
 E = Time spent auto-exploring this place.
 F = Levels seen in this place.
 G = Mean time per level.
                   A        B        C        D        E       F      G
               +--------+--------+--------+--------+--------+-----+--------+
         Total |   3609 |   3312 |    297 |    567 |   2063 |   4 |  902.2 |
       Dungeon |   3609 |   3312 |    297 |    567 |   2063 |   4 |  902.2 |
               +--------+--------+--------+--------+--------+-----+--------+

Top non-repeatable levels by time:
     D:3: 1275 daAuts
     D:1: 1029 daAuts
     D:2: 974 daAuts
     D:4: 331 daAuts
